| TOP OF THE 1ST |
|
Milwaukee (NYP) Brewers batting - Pitching for Boise Hawks : LHP Marc Eismann
|
|
Pitching: LHP Marc Eismann
|
|
|
Batting: RHB John Freeman
|
0-0: Hit by Pitch
|
|
Batting: RHB Brian Landrum
|
0-0: Foul Ball, location: 2F 0-1: Called Strike 0-2: Ball 1-2: Ball 2-2: Strikes out swinging
|
|
Batting: RHB Steve Byerly
|
0-0: Ball 1-0: Ball 2-0: Foul Ball, location: 2F 2-1: SINGLE (Line Drive, 4D, EV 102.5 MPH) John Freeman to second Runner from 2nd tries for 3rd, OUT! 8-5
|
|
Batting: LHB Alfredo de la Cruz
|
0-0: Called Strike 0-1: Foul Ball, location: 2F 0-2: Ball 1-2: Ball 2-2: Ball 3-2: Foul Ball, location: 2F 3-2: Base on Balls Steve Byerly to second
|
|
Batting: RHB Vinny Estrada
|
0-0: Called Strike 0-1: Ball 1-1: Called Strike 1-2: Ball 2-2: Ball 3-2: Base on Balls Steve Byerly to third Alfredo de la Cruz to second
|
|
Batting: LHB Paul Collins
|
0-0: Ball 1-0: Called Strike 1-1: Called Strike 1-2: Strikes out swinging
|
| Top of the 1st over - 0 runs, 1 hit, 0 errors, 3 left on base; Milwaukee (NYP) 0 - Boise 0 |
| BOTTOM OF THE 1ST |
|
Boise Hawks batting - Pitching for Milwaukee (NYP) Brewers : RHP Junzo Yanagisawa
|
|
Pitching: RHP Junzo Yanagisawa
|
|
|
Batting: RHB Ryan Rinaldi
|
0-0: Ball 1-0: Ball 2-0: Ball 3-0: Called Strike 3-1: Base on Balls
|
|
Batting: LHB Glenn Lowther
|
0-0: Ball 1-0: Called Strike 1-1: Ball 2-1: Foul Ball, location: 2F 2-2: Fly out, F8 (Flyball, 78D, EV 104.4 MPH)
|
|
Batting: LHB Greg Valenzuela
|
0-0: Ball 1-0: Ball 2-0: Ball 3-0: Called Strike 3-1: Base on Balls Ryan Rinaldi to second
|
|
Batting: RHB Henry Alvizo
|
0-0: Ball 1-0: Called Strike Ryan Rinaldi steals 3rd base 1-1: Hit by Pitch Greg Valenzuela to second
|
|
Batting: RHB Tyler Stebbins
|
0-0: Ball 1-0: Foul Ball, location: 2F 1-1: Called Strike 1-2: Ball 2-2: Ball 3-2: Grounds into double play, 6-4-3 (Groundball, 6, EV 102.5 MPH)
|
| Bottom of the 1st over - 0 runs, 0 hits, 0 errors, 2 left on base; Milwaukee (NYP) 0 - Boise 0 |
| TOP OF THE 2ND |
|
Milwaukee (NYP) Brewers batting - Pitching for Boise Hawks : LHP Marc Eismann
|
|
Batting: RHB Brad Wren
|
0-0: Swinging Strike 0-1: Ball 1-1: Called Strike 1-2: Ball 2-2: Strikes out swinging
|
|
Batting: SHB Adam Slade
|
0-0: Ground out 6-3 (Groundball, 6, EV 84.4 MPH)
|
|
Batting: RHB Tyler Badillo
|
0-0: Fly out, F9 (Flyball, 9S, EV 82.5 MPH)
|
| Top of the 2nd over - 0 runs, 0 hits, 0 errors, 0 left on base; Milwaukee (NYP) 0 - Boise 0 |
| BOTTOM OF THE 2ND |
|
Boise Hawks batting - Pitching for Milwaukee (NYP) Brewers : RHP Junzo Yanagisawa
|
|
Batting: RHB Elias Urbina
|
0-0: Ground out U3 (Groundball, 34, EV 88.1 MPH)
|
|
Batting: RHB Chris Tatum
|
0-0: SINGLE (Groundball, 6D, EV 95.6 MPH)
|
|
Batting: LHB Zane Kelton
|
0-0: Called Strike 0-1: Ball 1-1: Foul Ball, location: 2F 1-2: Ball 2-2: Strikes out swinging
|
|
Batting: SHB Jamie Locke
|
0-0: Called Strike 0-1: Called Strike 0-2: Ball 1-2: Fielders Choice at 2nd, U6 (Groundball, 6M, EV 79.4 MPH)
|
| Bottom of the 2nd over - 0 runs, 1 hit, 0 errors, 1 left on base; Milwaukee (NYP) 0 - Boise 0 |
| TOP OF THE 3RD |
|
Milwaukee (NYP) Brewers batting - Pitching for Boise Hawks : LHP Marc Eismann
|
|
Batting: RHB John Freeman
|
0-0: Ball 1-0: Fly out, F6 (Line Drive, 6, EV 66.9 MPH)
|
|
Batting: RHB Brian Landrum
|
0-0: Foul Ball, location: 2F 0-1: Ball 1-1: Ball 2-1: Ground out 6-3 (Groundball, 6, EV 97.5 MPH)
|
|
Batting: RHB Steve Byerly
|
0-0: TRIPLE (Flyball, 78XD, EV 97.5 MPH)
|
|
Batting: LHB Alfredo de la Cruz
|
0-0: Called Strike 0-1: Ball 1-1: Swinging Strike 1-2: Foul Ball, location: 2F 1-2: Strikes out swinging
|
| Top of the 3rd over - 0 runs, 1 hit, 0 errors, 1 left on base; Milwaukee (NYP) 0 - Boise 0 |
| BOTTOM OF THE 3RD |
|
Boise Hawks batting - Pitching for Milwaukee (NYP) Brewers : RHP Junzo Yanagisawa
|
|
Batting: RHB Ryan Rinaldi
|
0-0: Called Strike 0-1: Foul Ball, location: 2F 0-2: Ball 1-2: Ball 2-2: SOLO HOME RUN (Flyball, 9LD, EV 95.6 MPH), Distance : 345 ft
|
|
Batting: LHB Glenn Lowther
|
0-0: Fly out, F5 (Line Drive, 5, EV 63.8 MPH)
|
|
Batting: LHB Greg Valenzuela
|
0-0: Ball 1-0: Ball 2-0: Ball 3-0: Base on Balls
|
|
Batting: RHB Henry Alvizo
|
0-0: Ball Greg Valenzuela steals 2nd base 1-0: Ball 2-0: Foul Ball, location: 2F 2-1: Foul Ball, location: 2F 2-2: Strikes out swinging
|
|
Batting: RHB Tyler Stebbins
|
0-0: Ball Wild Pitch! Greg Valenzuela to third 1-0: Foul Ball, location: 2F 1-1: Swinging Strike 1-2: Foul Ball, location: 2F 1-2: Ball 2-2: Foul Ball, location: 2F 2-2: Ground out 6-3 (Groundball, 6, EV 106.2 MPH)
|
| Bottom of the 3rd over - 1 run, 1 hit, 0 errors, 1 left on base; Milwaukee (NYP) 0 - Boise 1 |
| TOP OF THE 4TH |
|
Milwaukee (NYP) Brewers batting - Pitching for Boise Hawks : LHP Marc Eismann
|
|
Batting: RHB Vinny Estrada
|
0-0: Ground out 3-1 (Groundball, 34, EV 105.0 MPH)
|
|
Batting: LHB Paul Collins
|
0-0: Ball 1-0: Ball 2-0: Ground out 4-3 (Groundball, 4, EV 88.1 MPH)
|
|
Batting: RHB Brad Wren
|
0-0: Ball 1-0: Foul Ball, location: 2F 1-1: Fly out, F5 (Flyball, 5D, EV 85.6 MPH)
|
| Top of the 4th over - 0 runs, 0 hits, 0 errors, 0 left on base; Milwaukee (NYP) 0 - Boise 1 |
| BOTTOM OF THE 4TH |
|
Boise Hawks batting - Pitching for Milwaukee (NYP) Brewers : RHP Junzo Yanagisawa
|
|
Batting: RHB Elias Urbina
|
0-0: Called Strike 0-1: Foul Ball, location: 2F 0-2: Ball 1-2: Foul Ball, location: 2F 1-2: Foul Ball, location: 2F 1-2: SINGLE (Line Drive, 89S, EV 112.5 MPH)
|
|
Batting: RHB Chris Tatum
|
0-0: Ball Elias Urbina steals 2nd base 1-0: Ground out 6-3 (Groundball, 6, EV 82.5 MPH) Elias Urbina to third
|
|
Batting: LHB Zane Kelton
|
0-0: Ball 1-0: Called Strike 1-1: SINGLE (Groundball, 3L, EV 83.8 MPH) (infield hit) Elias Urbina scores
|
|
Batting: SHB Jamie Locke
|
0-0: Ball Zane Kelton is caught stealing 2nd base 2-6 1-0: Swinging Strike 1-1: Swinging Strike 1-2: Foul Ball, location: 2F 1-2: Ground out 3-1 (Groundball, 34, EV 102.5 MPH)
|
| Bottom of the 4th over - 1 run, 2 hits, 0 errors, 0 left on base; Milwaukee (NYP) 0 - Boise 2 |
| TOP OF THE 5TH |
|
Milwaukee (NYP) Brewers batting - Pitching for Boise Hawks : LHP Marc Eismann
|
|
Batting: SHB Adam Slade
|
0-0: Called Strike 0-1: Ball 1-1: Foul Ball, location: 2F 1-2: Ground out 4-3 (Groundball, 4M, EV 101.9 MPH)
|
|
Batting: RHB Tyler Badillo
|
0-0: Ball 1-0: Called Strike 1-1: Swinging Strike 1-2: Strikes out swinging
|
|
Batting: RHB John Freeman
|
0-0: Called Strike 0-1: Ball 1-1: Called Strike 1-2: Foul Ball, location: 2F 1-2: Ball 2-2: Strikes out swinging
|
| Top of the 5th over - 0 runs, 0 hits, 0 errors, 0 left on base; Milwaukee (NYP) 0 - Boise 2 |
| BOTTOM OF THE 5TH |
|
Boise Hawks batting - Pitching for Milwaukee (NYP) Brewers : RHP Junzo Yanagisawa
|
|
Batting: RHB Ryan Rinaldi
|
0-0: Foul Ball, location: 2F 0-1: Ball 1-1: Swinging Strike 1-2: Ground out 6-3 (Groundball, 6, EV 96.9 MPH)
|
|
Pitching: RHP Brian Heimerman
|
|
|
Batting: LHB Glenn Lowther
|
0-0: Ground out 3-1 (Groundball, 13, EV 85.6 MPH)
|
|
Batting: LHB Greg Valenzuela
|
0-0: Ball 1-0: Called Strike 1-1: Ground out 4-3 (Groundball, 4, EV 108.1 MPH)
|
| Bottom of the 5th over - 0 runs, 0 hits, 0 errors, 0 left on base; Milwaukee (NYP) 0 - Boise 2 |
| TOP OF THE 6TH |
|
Milwaukee (NYP) Brewers batting - Pitching for Boise Hawks : LHP Marc Eismann
|
|
Batting: RHB Brian Landrum
|
0-0: Ball 1-0: Ball 2-0: Ball 3-0: Base on Balls
|
|
Batting: RHB Steve Byerly
|
0-0: Called Strike 0-1: Fly out, F9 (Line Drive, 9, EV 90.6 MPH)
|
|
Batting: LHB Alfredo de la Cruz
|
0-0: Ball 1-0: Ball 2-0: Foul Ball, location: 2F 2-1: Swinging Strike 2-2: Fly out, F9 (Flyball, 89S, EV 81.9 MPH)
|
|
Pitching: LHP Juan Vargas
|
|
|
Batting: RHB Vinny Estrada
|
0-0: Ball Brian Landrum steals 2nd base 1-0: Ball 2-0: SINGLE (Groundball, 4D, EV 105.0 MPH) Brian Landrum to third Runner from 3rd tries for Home, SAFE, throw by CF to home
|
|
Batting: LHB Paul Collins
|
0-0: Ball 1-0: Called Strike Vinny Estrada steals 2nd base 1-1: Swinging Strike 1-2: Foul Ball, location: 2F 1-2: Strikes out swinging
|
| Top of the 6th over - 1 run, 1 hit, 0 errors, 1 left on base; Milwaukee (NYP) 1 - Boise 2 |
| BOTTOM OF THE 6TH |
|
Boise Hawks batting - Pitching for Milwaukee (NYP) Brewers : RHP Brian Heimerman
|
|
Batting: RHB Henry Alvizo
|
0-0: Ball 1-0: Foul Ball, location: 2F 1-1: Fly out, F9 (Flyball, 9S, EV 90.0 MPH)
|
|
Batting: RHB Tyler Stebbins
|
0-0: Ball 1-0: Swinging Strike 1-1: Swinging Strike 1-2: Ball 2-2: Foul Ball, location: 2F 2-2: Strikes out swinging
|
|
Batting: RHB Elias Urbina
|
0-0: Ball 1-0: Ball 2-0: Foul Ball, location: 2F 2-1: Ground out 3-1 (Groundball, 34S, EV 86.9 MPH)
|
| Bottom of the 6th over - 0 runs, 0 hits, 0 errors, 0 left on base; Milwaukee (NYP) 1 - Boise 2 |
| TOP OF THE 7TH |
|
Milwaukee (NYP) Brewers batting - Pitching for Boise Hawks : LHP Juan Vargas
|
|
Batting: RHB Brad Wren
|
0-0: Called Strike 0-1: Swinging Strike 0-2: Strikes out swinging
|
|
Batting: SHB Adam Slade
|
0-0: Ball 1-0: Ball 2-0: Foul Ball, location: 2F 2-1: Called Strike 2-2: Strikes out looking
|
|
Batting: RHB Tyler Badillo
|
0-0: Ball 1-0: Foul Ball, location: 2F 1-1: Foul Ball, location: 2F 1-2: Foul Ball, location: 2F 1-2: Fly out, F9 (Flyball, 89S, EV 95.6 MPH)
|
| Top of the 7th over - 0 runs, 0 hits, 0 errors, 0 left on base; Milwaukee (NYP) 1 - Boise 2 |
| BOTTOM OF THE 7TH |
|
Boise Hawks batting - Pitching for Milwaukee (NYP) Brewers : RHP Brian Heimerman
|
|
Pitching: RHP Guillermo Delgado
|
|
|
Batting: RHB Chris Tatum
|
0-0: Called Strike 0-1: Ball 1-1: SINGLE (Groundball, 56D, EV 102.5 MPH)
|
|
Batting: LHB Zane Kelton
|
0-0: Called Strike 0-1: Ball 1-1: Grounds into double play, 4-6-3 (Groundball, 4, EV 90.0 MPH)
|
|
Batting: SHB Jamie Locke
|
0-0: Ground out U3 (Groundball, 3, EV 88.8 MPH)
|
| Bottom of the 7th over - 0 runs, 1 hit, 0 errors, 0 left on base; Milwaukee (NYP) 1 - Boise 2 |
| TOP OF THE 8TH |
|
Milwaukee (NYP) Brewers batting - Pitching for Boise Hawks : LHP Juan Vargas
|
|
Pitching: RHP Tye Dickinson
|
|
|
Batting: RHB John Freeman
|
0-0: Called Strike 0-1: Called Strike 0-2: Ball 1-2: DOUBLE (Flyball, 89XD, EV 108.1 MPH)
|
|
Batting: RHB Brian Landrum
|
0-0: Ground out U3 (Groundball, 3L, EV 86.2 MPH) John Freeman to third
|
|
Batting: RHB Steve Byerly
|
0-0: Called Strike 0-1: Fly out, F8 (Line Drive, 8RD, EV 85.0 MPH) Runner from 3rd tags up, OUT at HOME! 8-2
|
| Top of the 8th over - 0 runs, 1 hit, 0 errors, 0 left on base; Milwaukee (NYP) 1 - Boise 2 |
| BOTTOM OF THE 8TH |
|
Boise Hawks batting - Pitching for Milwaukee (NYP) Brewers : RHP Guillermo Delgado
|
|
Batting: RHB Ryan Rinaldi
|
0-0: Ball 1-0: Called Strike 1-1: Foul Ball, location: 2F 1-2: Ground out 5-3 (Groundball, 56, EV 91.9 MPH)
|
|
Batting: LHB Glenn Lowther
|
0-0: Called Strike 0-1: Swinging Strike 0-2: Foul Ball, location: 2F 0-2: Foul Ball, location: 2F 0-2: Ball 1-2: Strikes out looking
|
|
Batting: LHB Greg Valenzuela
|
0-0: Ball 1-0: Foul Ball, location: 2F 1-1: Swinging Strike 1-2: SINGLE (Groundball, 25, EV 65.0 MPH) (infield hit)
|
|
Batting: RHB Henry Alvizo
|
0-0: Ball Greg Valenzuela steals 2nd base 1-0: Called Strike 1-1: Foul Ball, location: 2F 1-2: Ball 2-2: Ball 3-2: Fly out, F3 (Popup, 23F, EV 86.2 MPH)
|
| Bottom of the 8th over - 0 runs, 1 hit, 0 errors, 1 left on base; Milwaukee (NYP) 1 - Boise 2 |
| TOP OF THE 9TH |
|
Milwaukee (NYP) Brewers batting - Pitching for Boise Hawks : RHP Tye Dickinson
|
|
Batting: LHB Alfredo de la Cruz
|
0-0: Ball 1-0: Fly out, F8 (Flyball, 8LM, EV 85.0 MPH)
|
|
Batting: RHB Vinny Estrada
|
0-0: Swinging Strike 0-1: Ball 1-1: Ball 2-1: Fly out, F7 (Flyball, 78M, EV 91.2 MPH)
|
|
Batting: LHB Paul Collins
|
0-0: Ball 1-0: Foul Ball, location: 2F 1-1: Fly out, F9 (Flyball, 9, EV 78.1 MPH)
|
| Top of the 9th over - 0 runs, 0 hits, 0 errors, 0 left on base; Milwaukee (NYP) 1 - Boise 2 |
|